 Dungeon Crawl Stone Soup version 0.28.0 (webtiles) character file.

Game seed: 11510713767802650772

50092 ReploidZero the Fighter (level 14, 0/99 HPs)
             Began as a Djinni Conjurer on Feb 9, 2022.
             Was a High Priest of Hepliaklqana.
             Slain by a cane toad (2 damage)
             ... on level 6 of the Lair of Beasts.
             The game lasted 00:47:39 (25981 turns).

ReploidZero the Fighter (Djinni Conjurer)          Turns: 25981, Time: 00:47:40

Health: 0/99       AC:  5    Str:  8    XL:     14   Next: 95%
Gold:   1062       EV: 19    Int: 25    God:    Hepliaklqana [*****.] SH:  0 Dex: 14

rFire   + + +      SeeInvis .   r - +4 flail "Dragonbane" {vorpal, Fragile Fly Will+ Int+2}
rCold   x . .      Faith    .   (no shield)
rNeg    . . .      Spirit   .   s - +1 robe of Plasticity {rF+ Str+2 Stlth+}
rPois   ∞          Reflect  .   (no helmet)
rElec   .          Harm     .   (no cloak)
rCorr   +          Rampage  .   f - +1 pair of gloves
Will    ++...                   (boots unavailable)
Stlth   +++.......              (no amulet)
HPRegen 0.26/turn               g - ring of resist corrosion
MPRegen 0.00/turn               i - +4 ring of evasion

@: flying, studying Polearms
A: reduced essence, sickness immunity, fire resistance 2, cold vulnerability 1,
float, innate caster, HP casting, extra vitality 1
a: Renounce Religion, Recall Ancestor, Ancestor Identity, Transference, Idealise


You were on level 6 of the Lair of Beasts.
You worshipped Hepliaklqana.
Hepliaklqana was extremely pleased with you.
You visited 3 branches of the dungeon, and saw 17 of its levels.

You collected 1062 gold pieces.

Inventory:

Hand Weapons
 r - the +4 flail "Dragonbane" (weapon) {vorpal, Fragile Fly Will+ Int+2}
   (You found it on level 6 of the Dungeon)

   It inflicts extra damage upon your enemies.
   Int:       It affects your intelligence (+2).
   Fly:       It grants you flight.
   Fragile:   It will be destroyed if unequipped.
   Will:      It increases your willpower.
Missiles
 y - 3 throwing nets
Armour
 f - a +1 pair of gloves (worn)
 o - a +0 helmet
 s - the +1 robe of Plasticity (worn) {rF+ Str+2 Stlth+}
   (You found it on level 6 of the Dungeon)

   Str:       It affects your strength (+2).
   rF:        It protects you from fire.
   Stlth:     It makes you more stealthy.
Jewellery
 g - a ring of resist corrosion (left hand)
 i - a +4 ring of evasion (right hand)
 k - a +4 ring of evasion
 w - an amulet of faith
 x - a ring of wizardry
 D - a ring of willpower
 F - a ring of ice
Wands
 e - a wand of polymorph (16)
 j - a wand of flame (27)
 u - a wand of digging (5)
 v - a wand of paralysis (6)
 B - a wand of iceblast (6)
Scrolls
 b - 3 scrolls of identify
 c - 5 scrolls of teleportation
 n - a scroll of magic mapping
 z - a scroll of silence
 A - a scroll of fog
 G - a scroll of fear
Potions
 a - 3 potions of curing
 d - 2 potions of might
 h - 4 potions of lignification
 l - 2 potions of mutation {unknown}
 m - a potion of cancellation {unknown}
 p - 4 potions of attraction {unknown}
 q - a potion of flight {unknown}
 t - 2 potions of haste {unknown}
 C - a potion of degeneration {unknown}
 E - a potion of magic {unknown}


   Skills:
 + Level 13.7 Fighting
 + Level 8.1 Dodging
 - Level 1.5 Stealth
 + Level 12.8 Spellcasting
 - Level 12.0 Invocations


You had 6 spell levels left.
You knew the following spells:

 Your Spells              Type           Power      Damage    Failure   Level
a - Magic Dart            Conj           100%       1d8       1%          1
b - Searing Ray           Conj           100%       2d8       1%          2
c - Dazzling Flash        Conj/Hex       100%       N/A       1%          3
d - Fulminant Prism       Conj/Hex       34%        3d16      1%          4
e - Iskenderun's Mystic   Conj/Tloc      69%        2d14      1%          4
f - Animate Skeleton      Necr           100%       N/A       1%          1
g - Wereblood             Tmut           69%        N/A       1%          2
h - Scorch                Fire           100%       2d10      1%          2
i - Passage of Golubria   Tloc           69%        N/A       1%          4
j - Animate Dead          Necr           34%        N/A       1%          4
k - Agony                 Necr           69%        N/A       1%          5
Your spell library was empty.

Dungeon Overview and Level Annotations

Branches:
Dungeon (10/15)            Temple (1/1) D:4            Lair (6/6) D:9
  Swamp (0/4) Lair:3       Spider (0/4) Lair:4        Slime (0/5) Lair:5
    Orc: D:9-12

Altars:
Ashenzari
Cheibriados
Dithmenos
Elyvilon
Fedhas
Gozag
Hepliaklqana
Kikubaaqudgha
Makhleb
Nemelex Xobeh
Okawaru
Qazlal
Ru
Sif Muna
Trog
Uskayaw
Vehumet
Wu Jian
Xom
Yredelemnul
Zin
The Shining One
Jiyva

Shops:
D:3 (   D:7 =

Annotations:
Lair:2 1 runed translucent door, Weugil's ghost, journeyman HaBe
Lair:3 2 transporters


Innate Abilities, Weirdness & Mutations

Your life essence is reduced to manifest your ancestor. (-10% HP)
You are immune to sickness and miasma.
You are immune to poison.
Your flesh is very heat resistant. (rF++)
You are vulnerable to cold. (rC-)
You float through the air rather than walking.
You learn spells naturally, not from books.
Your magical power is your life essence.
You have superior vitality. (+4 MHP)


Message History

You call on the dead to rise...
The dead are walking!
* * * LOW HITPOINT WARNING * * *
Casting: Animate Dead (safe; 1% risk of failure)
Confirm with . or Enter, or press ? or * to list all spells.
Really blast near your death yak zombies?
Okay, then.
Unknown command.
Unknown command.
You swap places.
The yak gores your death yak zombie.
Scrimmy Bingus hits the death yak but does no damage.
The yak gores your death yak zombie but does no damage.
Your death yak zombie barely misses the yak.
Scrimmy Bingus hits the death yak with a +0 flail!
The death yak dies!
The yak gores your death yak zombie!
Your death yak zombie completely misses the yak.
Your death yak zombie gores the yak.
The yak gores your death yak zombie!
Scrimmy Bingus hits the yak with a +0 flail!
The yak dies!
An eight-headed hydra comes into view.
Found a scroll of identify.
Scrimmy Bingus blocks something's attack.
The eight-headed hydra moves out of view.
Something closely misses Scrimmy Bingus.
Scrimmy Bingus barely misses the yak.
Found a flail.
Scrimmy Bingus barely misses the yak.
A cane toad comes into view.
Scrimmy Bingus hits the yak with a +0 flail!
Your death yak zombie gores the yak!
The yak gores your death yak zombie.
Scrimmy Bingus hits the yak with a +0 flail.
Your death yak zombie gores the yak.
The yak gores your death yak zombie.
Scrimmy Bingus hits the yak with a +0 flail!!
The yak dies!
The cane toad stings you!!
* * * LOW HITPOINT WARNING * * *
Your death yak zombie gores the cane toad!
The cane toad stings you.
You die...

... # #...#....... #..
#.#....#...... #.##
#............ #..##
##.P...#.##. . ###.#.#
#........#. .?
##...#.#####.P........
.#.#.#...#.#.#........##.
.........F...........###..
#)#.##..Z@...........# ###
##.Z..#........####..
#R....#.#......#.....
#.#...# #........÷...
###†.#.#####..........#
#.............##..###.#
#...##...###...#.### #.#
#... ##### #P..### ##..
#..# ###..# #..#


You could see the friendly Scrimmy Bingus the knight, a cane toad (ally target)
and 2 friendly death yak zombies.

Vanquished Creatures
  Gastronok (D:9)
  Harold (D:9)
  3 hydras
  A death knight (D:9)
  A boulder beetle (Lair:6)
  A centaur warrior (D:9)
  2 catoblepae
  10 death yaks
  Urug (Lair:3)
  A tengu warrior (D:9)
  Pikel (D:8)
  A necromancer (Lair:6)
  A deep elf pyromancer (D:9)
  A will-o-the-wisp (Lair:3)
  A wolf spider (Lair:4)
  12 elephants
  6 cane toads
  A kobold demonologist (D:9)
  An unseen horror (D:9)
  Psyche (D:8)
  7 komodo dragons
  28 blink frogs
  4 dream sheep (Lair:6)
  A wyvern (D:6)
  A basilisk (Lair:1)
  21 yaks
  A vampire mosquito (D:9)
  An acid dragon (D:9)
  2 orc warriors (D:9)
  11 water moccasins
  A hornet zombie (D:7)
  A sky beast (D:6)
  A black bear (D:4)
  2 ogres
  18 wolves
  3 centaurs
  3 lemures (D:8)
  2 phantoms
  A kobold brigand (D:9)
  A wyvern zombie (D:7)
  8 bullfrogs
  A gnoll sergeant (D:7)
  A scorpion (D:5)
  A wyvern skeleton (D:7)
  14 wights
  An electric eel (D:7)
  5 hounds
  A bullfrog skeleton (D:5)
  2 gnoll shamans
  3 orc priests
  3 iguanas
  7 orc wizards
  A killer bee zombie (D:8)
  2 hound skeletons
  5 gnolls
  8 adders
  A white imp (D:7)
  3 worms
  2 dart slugs
  24 orcs
  3 endoplasms
  2 giant cockroaches
  7 goblins
  4 hobgoblins
  5 kobolds
  A quokka (D:2)
  4 ball pythons
  2 bats
  2 frilled lizards (D:1)
  5 rats
  A butterfly (Lair:4)
  A fulminant prism (D:9)
288 creatures vanquished.

Vanquished Creatures (collateral kills)
  A two-headed ogre (D:10)
  A death yak (Lair:6)
  A wizard (D:9)
  A lindwurm (Lair:4)
  A wolf spider (shapeshifter) (D:9)
  A torpor snail (Lair:6)
  3 elephants
  Joseph (D:9)
  4 cane toads
  A rime drake (Lair:1)
  4 komodo dragons
  A hornet (D:10)
  5 blink frogs
  A slime creature (D:9)
  2 dream sheep (Lair:6)
  3 yaks
  2 basilisks
  A spectral cane toad (Lair:6)
  7 water moccasins
  A black bear (Lair:4)
  A hornet zombie (D:8)
  A centaur (D:9)
  8 wolves
  An ogre (D:7)
  A lemure (D:8)
  4 bullfrogs
  A wight (D:9)
  An orc priest (D:8)
  An orc wizard (D:9)
  A scorpion zombie (D:5)
  A killer bee zombie (D:9)
  3 howler monkey zombies (D:9)
  2 gnolls
  An adder (D:6)
  A worm (D:5)
  4 orcs
74 creatures vanquished.

Vanquished Creatures (others)
  8 knights
  2 ancestors (D:6)
  6 bushes (Lair:6)
  2 foxfires (Lair:3)
  24 fulminant prisms
  57 fungi
  57 plants
  24 withered plants (Lair:6)
180 creatures vanquished.

Grand Total: 542 creatures vanquished

Notes
Turn   | Place    | Note
-------+----------+-------------------------------------------
     0 | D:1      | ReploidZero the Djinni Conjurer began the quest for the
                  | Orb.
     0 | D:1      | Reached XP level 1. HP: 15/15 MP: 0/0
   111 | D:1      | Reached XP level 2. HP: 14/21 MP: 0/0
   330 | D:1      | You are sucked into a shaft and drop 1 floor!
   481 | D:2      | Reached XP level 3. HP: 17/25 MP: 0/0
   481 | D:2      | Learned a level 1 spell: Animate Skeleton
   588 | D:2      | Found a faded altar of an unknown god.
   776 | D:2      | Identified the +4 ring mail "Suptag" {rN+}
   892 | D:2      | Reached XP level 4. HP: 27/31 MP: 0/0
  1619 | D:3      | Found Irre Dasch's Weapon Shop.
  2401 | D:4      | Found a staircase to the Ecumenical Temple.
  2448 | Temple   | Entered the Ecumenical Temple
  2540 | Temple   | Became a worshipper of Hepliaklqana the Forgotten
  2589 | D:4      | Reached XP level 5. HP: 23/35 MP: 0/0
  2589 | D:4      | Learned a level 2 spell: Wereblood
  2721 | D:4      | Reached skill level 5 in Spellcasting
  2871 | D:4      | Noticed a black bear
  2875 | D:4      | Noticed a water moccasin
  2876 | D:4      | Killed a black bear
  2877 | D:4      | Reached XP level 6. HP: 29/40 MP: 0/0
  2885 | D:4      | Killed a water moccasin
  3211 | D:4      | Reached XP level 7. HP: 30/45 MP: 0/0
  3211 | D:4      | Learned a level 2 spell: Scorch
  3811 | D:5      | Entered Level 5 of the Dungeon
  4415 | D:5      | Reached * piety under Hepliaklqana
  4505 | D:5      | Reached XP level 8. HP: 32/45 MP: 0/0
  4902 | D:5      | Found a glowing golden altar of the Shining One.
  5005 | D:5      | Reached skill level 1 in Fighting
  5005 | D:5      | Reached skill level 1 in Invocations
  5171 | D:6      | Reached skill level 2 in Fighting
  5499 | D:6      | Noticed a wyvern
  5505 | D:6      | Killed a wyvern
  5506 | D:6      | Reached skill level 3 in Fighting
  5657 | D:6      | Reached XP level 9. HP: 45/54 MP: 0/0
  5657 | D:6      | Learned a level 4 spell: Passage of Golubria
  5772 | D:6      | Identified the +4 flail "Dragonbane" {vorpal, Fragile Fly
                  | Will+ Int+2}
  5844 | D:6      | Identified the +1 robe of Plasticity {rF+ Str+2 Stlth+}
  5958 | D:6      | Reached skill level 4 in Fighting
  6360 | D:7      | Reached ** piety under Hepliaklqana
  6513 | D:7      | Found Uviytu's Jewellery Emporium.
  7577 | D:7      | Reached skill level 5 in Invocations
  7916 | D:7      | Remembered your ancestor Scrimmy Bingus as a knight
  7976 | D:8      | Identified the +1 robe of Paranoia {Rampage Int+3}
  7992 | D:8      | Noticed Pikel
  7996 | D:8      | Reached skill level 5 in Fighting
  8004 | D:8      | Killed Pikel
  8005 | D:8      | Reached XP level 10. HP: 13/64 MP: 0/0
  8503 | D:8      | Reached *** piety under Hepliaklqana
  8520 | D:8      | Noticed Psyche
  8525 | D:8      | Reached skill level 6 in Fighting
  8535 | D:8      | Killed Psyche
  8929 | D:8      | Found a sacrificial altar of Ru.
  9489 | D:9      | Killed an unseen horror
  9803 | D:9      | Noticed Harold
  9813 | D:9      | Killed Harold
  9814 | D:9      | Reached skill level 7 in Fighting
 10050 | D:9      | Noticed Joseph
 10060 | D:9      | Killed Joseph
 10246 | D:9      | Noticed Gastronok
 10260 | D:9      | HP: 1/67 [spore (28)]
 10266 | D:9      | Killed Gastronok
 10267 | D:9      | Reached XP level 11. HP: 11/72 MP: 0/0
 10267 | D:9      | Learned a level 4 spell: Animate Dead
 10269 | D:9      | Found a stormy altar of Qazlal.
 10617 | D:9      | Noticed a deep elf pyromancer
 10618 | D:9      | Reached skill level 8 in Fighting
 10619 | D:9      | Noticed a death knight
 10625 | D:9      | Killed a deep elf pyromancer
 10903 | D:9      | Killed a death knight
 11313 | D:9      | Noticed a tengu warrior
 11321 | D:9      | Killed a tengu warrior
 11323 | D:9      | Noticed a seven-headed hydra
 11653 | D:9      | Noticed a wizard
 11658 | D:9      | Killed a wizard
 11659 | D:9      | Reached skill level 10 in Spellcasting
 11778 | D:9      | Killed a seven-headed hydra
 11779 | D:9      | Reached skill level 9 in Fighting
 11896 | D:9      | Noticed a centaur warrior
 11918 | D:9      | Killed a centaur warrior
 11956 | D:9      | Noticed a wolf spider
 11983 | D:9      | Killed a wolf spider
 11984 | D:9      | Reached XP level 12. HP: 29/81 MP: 0/0
 12292 | D:9      | Found a staircase to the Lair.
 13067 | D:10     | Entered Level 10 of the Dungeon
 13355 | D:10     | Noticed a two-headed ogre
 13364 | D:10     | Killed a two-headed ogre
 13378 | Lair:1   | Entered Level 1 of the Lair of Beasts
 13556 | Lair:1   | Reached skill level 10 in Invocations
 13557 | Lair:1   | Reached skill level 10 in Fighting
 14588 | Lair:1   | Reached **** piety under Hepliaklqana
 15537 | Lair:2   | Found a runed translucent door.
 15538 | Lair:2   | Noticed Weugil's ghost (journeyman HaBe)
 16373 | Lair:3   | Noticed Urug
 17041 | Lair:3   | Noticed a death yak
 17041 | Lair:3   | Noticed a death yak
 17041 | Lair:3   | Noticed a death yak
 17041 | Lair:3   | Noticed a death yak
 17044 | Lair:3   | Noticed a death yak
 17048 | Lair:3   | Killed a death yak
 17050 | Lair:3   | Killed a death yak
 17054 | Lair:3   | Reached skill level 11 in Fighting
 17054 | Lair:3   | Reached XP level 13. HP: 34/89 MP: 0/0
 17054 | Lair:3   | Learned a level 5 spell: Agony
 17408 | Lair:3   | Noticed a catoblepas
 17416 | Lair:3   | Killed a catoblepas
 18010 | Lair:3   | Found a transporter.
 18027 | Lair:3   | Found a transporter.
 18158 | Lair:3   | Killed Urug
 18551 | Lair:3   | Found a staircase to the Swamp.
 19451 | Lair:4   | Reached skill level 12 in Fighting
 20000 | Lair:4   | Found a hole to the Spider Nest.
 20242 | Lair:4   | Noticed a six-headed hydra
 20252 | Lair:4   | Killed a six-headed hydra
 21518 | Lair:5   | Reached XP level 14. HP: 29/97 MP: 0/0
 22031 | Lair:5   | Reached ***** piety under Hepliaklqana
 22691 | Lair:5   | Found a viscous altar of Jiyva.
 22692 | Lair:5   | Found a staircase to the Slime Pits.
 22778 | Lair:6   | Entered Level 6 of the Lair of Beasts
 22785 | Lair:6   | Reached skill level 5 in Dodging
 23726 | Lair:6   | Reached skill level 13 in Fighting
 23874 | Lair:6   | HP: 1/99 [something/blast of calcifying dust (7)]
 24545 | Lair:6   | Noticed a dire elephant
 24546 | Lair:6   | Noticed a dire elephant
 24546 | Lair:6   | Noticed a dire elephant
 25980 | Lair:6   | HP: 1/99 [cane toad (20)]
 25981 | Lair:6   | Slain by a cane toad

Illustrated notes

Levels and vault maps discovered:
D:1:      minmay_arrival_four_houses, layout_basic, minmay_tromino_v7
D:2:      layout_rooms, shapermc_ecumenical_altar_venn, minmay_crystal_room,
          nicolae_figureground_sparkle
D:3:      layout_loops_ring, serial_shops, nicolae_shop_waterfront,
          kennysheep_donut, minivault_5, chequers_serial_rivers_marsh
D:4:      layout_basic, minmay_temple_entry_statues_fountains,
          minmay_goblin_kobold_house
D:5:      layout_loops_ring, tso_oasis_becter, amcnicky_mini_pool_medium
D:6:      layout_basic, nicolae_kikubaaqudgha_miasma_corner
D:7:      layout_loops_corners, serial_shops, shop_statue, serial_aquarium,
          aquarium_bridge_straight [aquarium_subvault_bridge,
          aquarium_subvault_wall, aquarium_subvault_bridge,
          aquarium_subvault_balcony], aquarium_bridge_square
          [aquarium_subvault_bridge, aquarium_subvault_window,
          aquarium_subvault_bridge, aquarium_subvault_wall], aquarium_window_1,
          aquarium_window_1, aquarium_view_2f, aquarium_balcony_3b,
          aquarium_pool_2, nrook_pool_corridor
D:8:      layout_cave_pools, nicolae_ru_the_path_less_chosen, serial_park,
          serial_park_avenue1, serial_park_avenue1, serial_park_tiny_2,
          serial_park_tiny_2, uniq_psyche, uniq_pikel
D:9:      hangedman_cross_veins, layout_gridville,
          nicolae_overflow_crystal_walls, gammafunk_temple_overflow_pools,
          uniq_joseph, uniq_gastronok, uniq_harold
D:10:     layout_stronghold, erik_orc_3, minmay_fractal_squares_diagonal_5
Temple:   compressed_dpeg_circular_temple
Lair:1:   layout_roguey, lemuel_fruit_fields
Lair:2:   layout_layer_cave, ebering_ghost_reflecting_pool
Lair:3:   gammafunk_worm_tunnel, layout_loops_ring, minmay_swamp_entry_wisps,
          patterned_corridor, serial_bayou_shore_b, uniq_urug
Lair:4:   layout_cave_pods, spider_nest_entry_rubble, beast_lair_carwin_2,
          serial_bayou_shore_b, lemuel_fruit_fields
Lair:5:   layout_roguey, dpeg_slime_entry_enclosed_altar,
          nicolae_lair_grove_arrangements, minmay_holes
Lair:6:   due_jungle_book, layout_loops_ring, chequers_serial_rivers_small_b

Skill      XL: |  1  2  3  4  5  6  7  8  9 10 11 12 13 14 |
---------------+-------------------------------------------+-----
Spellcasting   | 4 5 6 7 8 9 10 11 12 | 12.8
Fighting       | 3 5 7 9 11 12 13 | 13.7
Invocations    | 3 5 8 9 11 12 | 12.0
Dodging        | 4 8 |  8.1
Stealth        | |  1.5

Action                   |  1- 3 |  4- 6 |  7- 9 | 10-12 | 13-15 || total
-------------------------+-------+-------+-------+-------+-------++-------
Melee: Dagger            |       |    13 |    42 |       |       ||    55
       Falchion          |       |       |     6 |       |       ||     6
       Flail             |       |       |    30 |    55 |   111 ||   196
       Punch             |       |       |       |     2 |     2 ||     4
 Cast: Magic Dart        |    37 |    49 |    17 |     1 |    34 ||   138
       Searing Ray       |       |     7 |    30 |    30 |    26 ||    93
       Iskenderun's Myst |       |     4 |    21 |   118 |   141 ||   284
       Scorch            |       |       |     5 |     5 |     2 ||    12
       Fulminant Prism   |       |       |     1 |    22 |     2 ||    25
       Wereblood         |       |       |       |     3 |     1 ||     4
       Animate Dead      |       |       |       |     1 |     4 ||     5
       Dazzling Flash    |       |       |       |     1 |       ||     1
       Animate Skeleton  |       |       |       |       |     5 ||     5
Invok: Ancestor Identity |       |       |     1 |       |       ||     1
       Ancestor Life: Kn |       |       |     1 |       |       ||     1
       Transference      |       |       |       |     2 |     1 ||     3
       Recall Ancestor   |       |       |       |     1 |     1 ||     2
       Idealise          |       |       |       |       |     1 ||     1
  Use: Scroll            |       |     5 |     8 |     5 |     2 ||    20
       Potion            |       |       |     2 |     6 |     1 ||     9
 Stab: Sleeping          |       |     2 |       |       |     3 ||     5
       Distracted        |       |       |       |       |     1 ||     1
Armor: Robe              |     3 |     3 |    15 |    13 |    35 ||    69
Dodge: Dodged            |     3 |    18 |    89 |    95 |   190 ||   395
